Map: Orbital Shipyard

Players

iGiAsonu (iAsonu) - Winner!

  • Race: Zerg Zerg

LiquidTLO (TLO)

  • Race: Zerg Zerg
  • League: Grandmaster

Event: 2016 WCS Winter Circuit Championship

VOD

Have the link to the VOD?

Description

Time

  • Played on: March 3, 2016, 7:18 a.m.
  • Length: 6:25

All games in this series

Show
View Real Time Build Order
Export as new Build Order

iGiAsonu Zerg - Winner!

Build Orders: Hatch First 

Get SALT Encoding   

  12  0:01  Drone  
  13  0:12  Overlord  
  13  0:17  Drone  
  14  0:30  Drone  
  14  0:31  Drone  
  14  0:34  Drone  
  17  0:52  Hatchery  
  17  0:54  Drone  
  17  0:57  Drone  
  18  1:04  Extractor  
  17  1:13  Spawning Pool  
  17  1:16  Drone  
  17  1:19  Drone  
  18  1:28  Drone  
  19  1:39  Overlord  
  19  1:49  Drone  
  20  2:00  Queen  
  22  2:01  Drone  
  22  2:03  Queen  
  22  2:04  Drone  
  22  2:06  Metabolic Boost  
  26  2:11  Zergling x2  
  26  2:15  Drone  
  28  2:23  Drone  
  28  2:25  Baneling Nest  
  28  2:28  Drone  
  29  2:40  Drone  
  29  2:42  Zergling x2  
  31  2:46  Hatchery  
  31  2:49  Zergling x2  
  31  2:52  Overlord  
  31  2:56  Zergling x2  
  32  3:02  Drone  
  32  3:04  Overlord  
  33  3:07  Drone  
  33  3:12  Drone  
  34  3:13  Drone  
  34  3:14  Drone  
  34  3:15  Drone  
  34  3:18  Drone  
  34  3:19  Drone  
  39  3:20  Drone  
  40  3:28  Roach Warren  
  40  3:30  Zergling x2  
  40  3:31  Drone  
  41  3:39  Drone  
  41  3:40  Overlord  
  41  3:50  Drone  
  41  3:53  Overlord  
  41  3:54  Drone  
  42  3:56  Zergling x2  
  42  3:58  Extractor  
  42  4:00  Drone, Queen  
  42  4:01  Overlord  
  46  4:02  Zergling x2  
  46  4:03  Zergling x2  
  46  4:04  Baneling x2  
  46  4:07  Queen  
  46  4:09  Zergling x2  
  49  4:12  Zergling x2  
  49  4:13  Zergling x2  
  49  4:15  Baneling  
  49  4:16  Baneling  
  51  4:19  Zergling x2  
  51  4:21  Zergling x2  
  52  4:24  Zergling x2  
  52  4:26  Baneling  
  52  4:33  Zergling x4  
  52  4:38  Overlord  
  52  4:43  Roach x2  
  52  4:44  Roach x2  
  52  4:45  Baneling  
  56  4:46  Roach x3  
  56  4:51  Roach  
  63  4:56  Roach  
  65  5:02  Roach  
  65  5:06  Zergling x8  
  71  5:14  Zergling x2  
  72  5:17  Zergling x4  
  72  5:20  Baneling, Zergling x4  
  72  5:21  Zergling x2  
  77  5:22  Zergling x4  
  77  5:23  Overlord  
  77  5:26  Zergling x2  
  80  5:30  Overlord  
  80  5:32  Baneling x3  
  80  5:33  Baneling  
  80  5:39  Zergling x4  
  81  5:46  Baneling x2  
  80  5:55  Zergling x10  
  80  5:56  Drone, Zergling x2  
  85  5:57  Zergling x2  
  85  5:58  Zergling x2  
  85  6:01  Zergling x4  
  87  6:04  Zergling x2  
  87  6:06  Zergling x2  
  87  6:07  Zergling x2  
Show
View Real Time Build Order
Export as new Build Order

LiquidTLO Zerg 

Build Orders: Hatch First 

Get SALT Encoding   

  12  0:01  Drone  
  13  0:12  Overlord  
  13  0:16  Drone  
  14  0:30  Drone  
  14  0:31  Drone  
  14  0:34  Drone  
  17  0:52  Hatchery  
  17  0:54  Drone  
  17  0:57  Drone  
  18  1:03  Extractor  
  17  1:12  Spawning Pool  
  17  1:15  Drone  
  17  1:18  Drone  
  18  1:26  Evolution Chamber  
  18  1:28  Drone  
  18  1:39  Drone  
  19  1:59  Queen, Zergling x2  
  22  2:03  Queen  
  22  2:05  Zerg Melee Weapons Level 1  
  22  2:06  Drone  
  25  2:10  Drone  
  25  2:13  Drone  
  28  2:15  Drone  
  28  2:26  Overlord  
  28  2:30  Drone, Extractor  
  28  2:35  Extractor x2  
  28  2:36  Drone  
  30  2:42  Metabolic Boost  
  30  2:46  Drone x2  
  30  2:47  Drone  
  33  2:54  Zergling x2  
  33  2:58  Drone  
  35  3:06  Overlord  
  35  3:10  Drone  
  36  3:13  Overlord  
  36  3:16  Overlord  
  36  3:17  Overlord  
  36  3:24  Queen  
  36  3:26  Zergling x4  
  40  3:33  Hatchery  
  38  3:34  Zergling x2  
  38  3:37  Zergling x2  
  38  3:39  Zergling x2  
  41  3:41  Zergling x2  
  41  3:47  Drone x2  
  43  3:49  Drone x2  
  43  3:51  Zergling x2  
  43  3:54  Drone  
  43  3:55  Zergling x2  
  46  3:58  Zergling x4  
  46  4:01  Zergling x2  
  49  4:03  Zergling x2  
  49  4:04  Zergling x2  
  51  4:10  Lair  
  51  4:15  Drone x2  
  53  4:19  Zergling x2  
  53  4:20  Zergling x4  
  56  4:24  Drone  
  56  4:25  Drone  
  56  4:35  Zergling x2  
  56  4:36  Drone  
  56  4:38  Drone  
  57  4:39  Drone  
  57  4:40  Drone  
  53  4:45  Drone  
  53  4:46  Queen  
  53  4:48  Drone  
  53  4:49  Drone  
  55  4:56  Drone x2, Extractor x2  
  55  5:02  Zergling x2  
  55  5:07  Zergling x4  
  55  5:08  Hatchery, Spine Crawler  
  55  5:11  Spire  
  55  5:12  Zergling x2  
  55  5:13  Extractor  
  54  5:16  Drone  
  54  5:17  Overlord  
  54  5:20  Zergling x2  
  56  5:24  Drone, Zergling x2  
  56  5:25  Zergling x2  
  56  5:27  Zergling x2  
  60  5:28  Zergling x2  
  60  5:34  Zergling x2  
  61  5:38  Zergling x2  
  61  5:42  Zergling x2  
  59  5:43  Zergling x2  
  59  5:44  Zergling x2  
  59  5:46  Zergling x6  
  59  5:47  Zergling x2  
  59  5:49  Zergling x2  
  64  5:50  Zergling x2  
  64  5:51  Zergling x2  
  63  5:58  Zergling x2  
  63  6:01  Zergling x4  
Tags
 
Add a new tag
Caveats
  • Supply blocks, unpowered buildings, or Contaminate may cause inaccurate times.
  • Supply counts are checked every 10 seconds.